 Dungeon Crawl Stone Soup version 0.25-a0-875-geaba134f46 (webtiles) character file.

Game seed: 17693278435717665499, levelgen mode: deterministic

432 Hasart the Insei (level 7, -1/46 HPs)
             Began as an Octopode Transmuter on May 1, 2020.
             Slain by a hound (4 damage)
             ... on level 5 of the Dungeon.
             The game lasted 00:06:41 (4882 turns).

Hasart the Insei (Octopode Transmuter)              Turns: 4882, Time: 00:06:41

Health: -1/46      AC:  1    Str: 11    XL:     7   Next: 0%
Magic:  9/10       EV: 14    Int: 16    God:
Gold:   252        SH:  0    Dex: 12    Spells: 9/10 levels left

rFire    . . .     SeeInvis .     - Unarmed
rCold    . . .     Gourm    .   (no shield)
rNeg     . . .     Faith    .   (helmet restricted)
rPois    .         Spirit   .   (no amulet)
rElec    .         Reflect  .   (no ring)
rCorr    .         Harm     .   (no ring)
MR       .....                  (no ring)
Stlth    ++........             (no ring)
HPRegen  0.15/turn              (no ring)
MPRegen  0.12/turn              (no ring)
                                (no ring)
                                (no ring)

@: appendage (expiring)
A: almost no armour, stealthy swim, amphibious, 8 rings, constrict 8, tentacle
spike 3, camouflage 1, gelatinous body 1
a: End Transformation


You were on level 5 of the Dungeon.
You were not hungry.
One of your tentacles had a temporary spike.
You visited 1 branch of the dungeon, and saw 5 of its levels.

You collected 252 gold pieces.

Inventory:

Missiles
 a - 12 arrows
Wands
 x - a wand of flame (13)
Scrolls
 d - a scroll of immolation
 f - 2 scrolls of teleportation
 g - 6 scrolls of identify {unknown}
Potions
 b - a potion of resistance {unknown}
 e - 2 potions of might {unknown}
 h - a potion of haste {unknown}
 i - 2 potions of curing {unknown}
 j - a potion of invisibility {unknown}
 k - a potion of ambrosia {unknown}
 l - a potion of flight {unknown}
 o - a potion of degeneration {unknown}
 q - 2 potions of lignification {unknown}
 t - 2 potions of heal wounds {unknown}
 v - a potion of berserk rage {unknown}
 z - 3 potions of stabbing {unknown}
Comestibles
 c - 7 rations
 m - 2 chunks of flesh


   Skills:
 + Level 3.3 Fighting
 + Level 3.8 Dodging
 * Level 5.7 Unarmed Combat
 - Level 2.0 Spellcasting
 - Level 2.0 Transmutations
 + Level 1.0 Evocations


You had 9 spell levels left.
You knew the following spells:

 Your Spells              Type           Power        Failure   Level  Hunger
a - Beastly Appendage     Tmut           #.....       9%          1    #......

Your spell library contained the following spells:

 Spells                   Type           Power        Failure   Level  Hunger
 Sticks to Snakes         Tmut           #.......     14%         2    ###....
 Spider Form              Tmut/Pois      #.........   38%         3    ###....
 Ice Form                 Ice/Tmut       #.......     80%         4    #####..
 Blade Hands              Tmut           #.........   94%         5    ######.


Dungeon Overview and Level Annotations

Branches:
Dungeon (5/15)
 Temple: D:4-7

Altars:
Elyvilon
Fedhas
Makhleb
Vehumet
Xom


Innate Abilities, Weirdness & Mutations

You cannot wear most types of armour.
You are very stealthy in the water. (Stealth+)
You are amphibious.
You can wear up to eight rings at the same time.
You can use your tentacles to constrict eight enemies at once.
Your skin changes colour to match your surroundings (Stealth+).
Your rubbery body absorbs attacks. (AC +1, EV +1)
One of your tentacles bears a large vicious spike.


Message History

The bullfrog is severely wounded.
Your transformation is almost over.
You constrict the bullfrog. The bullfrog hits you.
* * * LOW HITPOINT WARNING * * *
The bullfrog closely misses you. The hound bites you.
* * * LOW HITPOINT WARNING * * *
You bludgeon the bullfrog!
You kill the bullfrog!
Your Evocations skill increases to level 1!
You have reached level 7!
The hound bites you.
* * * LOW HITPOINT WARNING * * *
Unknown command.
You barely miss the hound. Your grab misses the hound.
The hound completely misses you.
Unknown command.
You closely miss the hound. You grab the hound. You tentacle-slap the hound!
The hound is heavily wounded.
You constrict the hound. The hound closely misses you. The hound bites you.
You die...

##..........#
....#..........#
...#...รท......+
#..#..........#
#..#####'#....# ##
#....#...#....#
###..##?...#...#....#
......h....#...#....#
.......@...#...#....#
###..##....'...#....#
# ##########....#
.....#


You could see a hound.

Vanquished Creatures
  A bullfrog (D:5)
  Crazy Yiuf (D:2)
  2 hounds (D:4)
  Jessica (D:2)
  Natasha (thrice) (D:3)
  A worker ant (D:4)
  Robin (D:3)
  5 adders
  An ooze (D:3)
  An adder skeleton (D:4)
  2 worms
  7 dart slugs (D:4)
  A leopard gecko (D:3)
  4 ball pythons
  3 giant cockroaches
  15 goblins
  5 hobgoblins
  3 jackals
  10 kobolds
  6 bats
  4 frilled lizards
  7 rats
84 creatures vanquished.

Notes
Turn   | Place    | Note
-------+----------+-------------------------------------------
     0 | D:1      | Hasart the Octopode Transmuter began the quest for the Orb.
     0 | D:1      | Reached XP level 1. HP: 13/13 MP: 3/3
   350 | D:1      | Reached XP level 2. HP: 18/18 MP: 5/5
  1241 | D:2      | Reached XP level 3. HP: 8/23 MP: 6/6
  1797 | D:2      | Noticed Jessica
  1806 | D:2      | Killed Jessica
  1806 | D:2      | Reached skill level 4 in Unarmed Combat
  1806 | D:2      | Reached XP level 4. HP: 21/29 MP: 4/7
  1968 | D:2      | Found a runed translucent door.
  1969 | D:2      | Noticed Crazy Yiuf
  2036 | D:2      | Killed Crazy Yiuf
  2504 | D:3      | Reached XP level 5. HP: 31/35 MP: 6/8
  2592 | D:3      | Identified the cursed +0 helmet of Tyodd {rElec}
  2592 | D:3      | Noticed Robin
  2616 | D:3      | Killed Robin
  3315 | D:3      | Found a white marble altar of Elyvilon.
  3350 | D:3      | Noticed Natasha
  3357 | D:3      | Killed Natasha
  3678 | D:3      | Noticed Natasha
  3683 | D:3      | Killed Natasha
  3683 | D:3      | Reached skill level 5 in Unarmed Combat
  3811 | D:3      | Noticed Natasha
  3818 | D:3      | Killed Natasha
  3818 | D:3      | Reached XP level 6. HP: 31/41 MP: 9/9
  3959 | D:3      | Found a shimmering altar of Xom.
  4746 | D:4      | Found a burning altar of Makhleb.
  4749 | D:4      | Found a blossoming altar of Fedhas.
  4752 | D:4      | Found a radiant altar of Vehumet.
  4772 | D:5      | Entered Level 5 of the Dungeon
  4880 | D:5      | Reached skill level 1 in Evocations
  4880 | D:5      | Reached XP level 7. HP: 8/46 MP: 8/10
  4882 | D:5      | Slain by a hound

Levels and vault maps discovered:
D:1:      dpeg_arrival_erosion, layout_basic, serial_glass, glass_columns_b,
          glass_columns_a, feat_on_display, due_unseen_surprise, st_stairs_7
D:2:      minmay_angry_zag, layout_basic, uniq_crazy_yiuf_cottage, uniq_jessica
D:3:      layout_basic, marbit_many_paths, lemuel_coloured_pillars_altar,
          uniq_natasha, uniq_robin
D:4:      kennysheep_slugbush, layout_basic, grunt_temple_overflow_diamond
D:5:      layout_gridville, lemuel_temple_firewalk_b, first_ration

Skill      XL: |  1  2  3  4  5  6 |
---------------+-------------------+-----
Fighting       | 2 3 |  3.3
Unarmed Combat | 4 5 |  5.7
Dodging        | 3 |  3.8
Evocations     | 1 |  1.0
Spellcasting   | |  2.0
Transmutations | |  2.0

Action                   |  1- 3 |  4- 6 |  7- 9 || total
-------------------------+-------+-------+-------++-------
Melee: Unarmed           |    52 |   152 |     2 ||   206
       Constrict         |    10 |    41 |     1 ||    52
       Tentacles         |     9 |    28 |       ||    37
       Punch             |     3 |     7 |     1 ||    11
       Kick              |     2 |     3 |       ||     5
 Cast: Beastly Appendage |     2 |     3 |       ||     5
  Use: Scroll            |       |     8 |       ||     8
 Stab: Sleeping          |     3 |     5 |       ||     8
       Distracted        |       |     3 |       ||     3
  Eat: Chunk             |     3 |     9 |       ||    12
Armor: Skin              |     8 |     7 |       ||    15
Dodge: Dodged            |    35 |    83 |     2 ||   120

Table legend:
 A = Non-vault XP
 B = Vault XP
 C = Vault XP percentage of total XP
 D = Non-vault monster count
 E = Vault monster count
 F = Vault count percentage of total count
                 A         B        C        D         E       F
            +---------+---------+-------+---------+---------+-------
      Total |     436 |     182 |  29.4 |      62 |      22 |  26.2
            +---------+---------+-------+---------+---------+-------
        D:1 |      20 |       2 |   9.1 |      13 |       1 |   7.1
        D:2 |      54 |      84 |  60.9 |      18 |       4 |  18.2
        D:3 |     120 |      68 |  36.2 |      21 |      10 |  32.3
        D:4 |     153 |      28 |  15.5 |       8 |       7 |  46.7
        D:5 |      89 |       0 |   0.0 |       2 |       0 |   0.0
            +---------+---------+-------+---------+---------+-------
